 Dungeon Crawl Stone Soup version 0.30.1-11-g7821555f0a (webtiles) character file.

Game seed: 3939657166263509970

9 Chiseanne the Trooper (level 2, 24/27 HPs)
             Began as a Demonspawn Wanderer on Nov 28, 2023.
             Quit the game on level 1 of the Dungeon.
             The game lasted 00:00:25 (209 turns).

Chiseanne the Trooper (Demonspawn Wanderer)          Turns: 209, Time: 00:00:26

Health: 24/27      AC:  3    Str: 13    XL:     2   Next: 3%
Magic:  2/2        EV: 11    Int:  9    God:
Gold:   9          SH:  0    Dex: 15    Spells: 1/1 levels left

rFire   . . .        a - +3 falchion
rCold   . . .        (no shield)
rNeg    . . .        d - +0 leather armour
rPois   .            (no helmet)
rElec   .            (no cloak)
rCorr   .            (no gloves)
SInv    .            (no boots)
Will    .....        (no amulet)
Stlth   +            (no ring)
HPRegen 0.24/turn    (no ring)
MPRegen 0.08/turn

%: no passive effects
@: no status effects
A: demonic touch 1
a: no special abilities


You were on level 1 of the Dungeon.
You visited 1 branch of the dungeon, and saw 1 of its levels.

You collected 9 gold pieces.

Inventory:

Hand Weapons
 a - a +3 falchion (weapon)
Missiles
 f - 19 stones (quivered)
Armour
 d - a +0 leather armour (worn)
Scrolls
 b - a scroll of fog
 c - 2 scrolls of teleportation
 g - a scroll of torment {unknown}
 j - a scroll of magic mapping {unknown}
 k - a scroll of immolation {unknown}
Potions
 e - a potion of resistance {unknown}
 h - a potion of heal wounds {unknown}
 i - a potion of degeneration {unknown}


   Skills:
 * Level 5.1 Fighting
 - Level 1.7 Long Blades
 * Level 1.3 Armour
 * Level 0.6 Dodging
 - Level 1.0 Stealth
 - Level 1.0 Evocations


You had one spell level left.
You didn't know any spells.
Your spell library contained the following spells:

 Spells                   Type           Power      Damage    Failure   Level
 Vhi's Electric Charge    Tloc/Air       0%         N/A       83%         3
 Arcjolt                  Conj/Air       0%         1d10      100%        5
 Plasma Beam              Fire/Air       0%         2x1d11    100%        6


Dungeon Overview and Level Annotations

Branches:
Dungeon (1/15)

Altars:


Innate Abilities, Weirdness & Mutations

Your touch may inflict minor irresistible damage on your foes.


Message History

No target in view!
No target in view!
No target in view!
No target in view!
No target in view!
No target in view!
No target in view!
No target in view!
f - 19 stones (gained 7)
A ball python comes into view.
You see here a book of Lightning.
The helpless ball python fails to defend itself.
You hit the ball python.
You kill the ball python!
No target in view!
No target in view!
No target in view!
No target in view!
No target in view!
No target in view!
No target in view!
No target in view!
No target in view!
No target in view!
No target in view!
No target in view!
You pick up a book of Lightning and begin reading...
You add the spells Vhi's Electric Charge, Arcjolt and Plasma Beam to your library.
A rat comes into view.
A hobgoblin comes into view.
The hobgoblin shouts!
Found a robe.
The rat bites you.
You hit the rat.
You kill the rat!
You slash the hobgoblin!
You kill the hobgoblin!
You have reached level 2!
Your demonic ancestry asserts itself...
Your hands begin to faintly glow with unholy energy.
Are you sure you want to abandon this character and quit the game? (Confirm with "yes".)

# ### .# ####..# #.##.#
.......#†.[..# # #@#..#
#. ##.#..# #####.# #
##.....# .......#
##.#.#..#
#..###.###.......... #
##..#......#.#........
#.#...#.###.#†.###......
#.......#......###......
#.....#.#.###...#...###.


There were no monsters in sight!

Vanquished Creatures
  A bat (D:1)
  2 hobgoblins (D:1)
  3 ball pythons (D:1)
  A kobold (D:1)
  2 rats (D:1)
9 creatures vanquished.

Notes
Turn   | Place    | Note
-------+----------+-------------------------------------------
     0 | D:1      | Chiseanne the Demonspawn Wanderer began the quest for the
                  | Orb.
     0 | D:1      | Chiseanne set off with the following items: a +3 falchion,
                  | a scroll of fog, a scroll of teleportation, a +0 leather
                  | armour.
     0 | D:1      | Reached XP level 1. HP: 21/21 MP: 1/1
   209 | D:1      | Gained mutation: Your touch may inflict minor irresistible
                  | damage on your foes. [demonic ancestry]
   209 | D:1      | Reached XP level 2. HP: 24/27 MP: 2/2
   209 | D:1      | Quit the game

Illustrated notes

Levels and vault maps discovered:
D:1:      minmay_arrival_three_doors, layout_loops_ring,
          hangedman_abyss_or_decor_stabs, skrybe_limestone_x

Action                     || total
---------------------------++-------
  Melee: Falchion          ||    14
   Stab: Sleeping          ||     2
 Armour: Leather armour    ||     1
  Dodge: Dodged            ||     6
